 Dungeon Crawl Stone Soup version 0.30-a0-1116-gebefce21f7 (webtiles) character file.

Game seed: 11845107334886388358

45 BlueFish the Shield-Bearer (level 3, -2/26 HPs)
             Began as an Octopode Fighter on Apr 21, 2023.
             Succumbed to an orc wizard's poison
             ... on level 2 of the Dungeon.
             The game lasted 00:02:04 (1090 turns).

BlueFish the Shield-Bearer (Octopode Fighter)       Turns: 1090, Time: 00:02:05

Health: -2/26      AC:  1    Str: 17    XL:     3   Next: 64%
Magic:  3/3        EV: 13    Int: 10    God:
Gold:   53         SH:  4    Dex: 11    Spells: 2/2 levels left

rFire   . . .      SeeInvis .    a - +0 whip
rCold   . . .      Faith    .    b - +0 buckler
rNeg    . . .      Spirit   .    (helmet restricted)
rPois   .          Reflect  .    (no amulet)
rElec   .          Rampage  .    e - ring of wizardry
rCorr   .                        (no ring)
Will    .....                    (no ring)
Stlth   +++                      (no ring)
HPRegen 0.24/turn                (no ring)
MPRegen 0.08/turn                (no ring)
                                 (no ring)
                                 (no ring)

@: mighty, lethally poisoned (-2 -> -19), attractive
A: almost no armour, amphibious, 8 rings, camouflage 1, gelatinous body 1,
(nimble swimmer 1), tentacles
a: no special abilities


You were on level 2 of the Dungeon.
You visited 1 branch of the dungeon, and saw 2 of its levels.

You collected 53 gold pieces.

Inventory:

Hand Weapons
 a - a +0 whip (weapon)
 g - a +0 flail
Missiles
 d - 32 stones (quivered)
Armour
 b - a +0 buckler (worn)
Jewellery
 e - a ring of wizardry (left tentacle)
Scrolls
 h - a scroll of vulnerability {unknown}
 i - 2 scrolls of identify {unknown}
 j - a scroll of enchant armour {unknown}
 l - 2 scrolls of blinking {unknown}
Potions
 m - a potion of berserk rage {unknown}


   Skills:
 + Level 3.1 Fighting
 + Level 2.3 Maces & Flails
 + Level 1.0 Throwing
 + Level 3.2 Dodging
 * Level 2.5 Stealth
 + Level 3.2 Shields


You had 2 spell levels left.
You didn't know any spells.
Your spell library was empty.

Dungeon Overview and Level Annotations

Branches:
Dungeon (2/15)

Altars:


Innate Abilities, Weirdness & Mutations

You cannot wear most types of armour.
You are amphibious.
You can wear up to eight rings at the same time.
Your skin changes colour to match your surroundings (Stealth+).
Your rubbery body absorbs attacks. (AC +1, EV +1)
((You are camouflaged when in or above water. (Stealth+)))
You have tentacles for arms and can constrict up to eight enemies at once.


Message History

You kill the orc!
Your Throwing skill increases to level 1!
You hear some strange, mumbled words.
A puff of flame appears from out of thin air!
The puff of flame misses you. Something hits you.
Things that are here:
a +0 dagger; an orc corpse You completely miss something.
Something hits you.
You are poisoned.
You closely miss something.
You feel very sick. Something hits you.
You are more poisoned.
You closely miss something.
You feel very sick. Something hits you.
You feel very mighty all of a sudden.
You feel very sick. Something hits you.
* * * LOW HITPOINT WARNING * * *
You are more poisoned.
You barely miss something. Your squeeze misses something.
* * * LOW HITPOINT WARNING * * *
You feel very sick. Something hits you.
* * * LOW HITPOINT WARNING * * *
You are more poisoned.
It was a potion of curing.
You feel better. Something hits you.
* * * LOW HITPOINT WARNING * * *
You are lethally poisoned!
You barely miss something. Your squeeze misses something.
* * * LOW HITPOINT WARNING * * *
You feel very sick. Something hits you.
* * * LOW HITPOINT WARNING * * *
You are more poisoned.
It was a potion of attraction.
You feel attractive to monsters.
You die...

#####.......# #.## #.....#
###########.#######.....#
#........##.....#
#.#.####.##.....#
#######.#.#######.#.#.#####
#.........##......#.#......
#.#####....#....##♣.♣##....
#.# ##.{.'...............
#.# ##..#@#....##♣.♣##....
#.# #...#.#.†....#.#......
#.# #o##########.#.#.#####
#.# #...#....# #.....# #.#
###.#...## #.....# #.##
#o..### #.....# #..#
##...## #.....# ####.#
##....[## #######
##.##.###.......## ##..#


There were no monsters in sight!

Vanquished Creatures
  An adder (D:2)
  A dart slug (D:2)
  An orc (D:2)
  3 endoplasms (D:1)
  4 goblins
  5 hobgoblins
  2 kobolds (D:1)
  3 ball pythons (D:1)
  4 bats (D:2)
  3 frilled lizards
  5 rats
32 creatures vanquished.

Notes
Turn   | Place    | Note
-------+----------+-------------------------------------------
     0 | D:1      | BlueFish the Octopode Fighter began the quest for the Orb.
     0 | D:1      | Reached XP level 1. HP: 16/16 MP: 1/1
    85 | D:1      | Reached skill level 1 in Stealth
    85 | D:1      | Reached XP level 2. HP: 21/21 MP: 2/2
   705 | D:2      | Reached XP level 3. HP: 26/26 MP: 3/3
  1078 | D:2      | Reached skill level 1 in Throwing
  1090 | D:2      | Succumbed to an orc wizard's poison

Illustrated notes

Levels and vault maps discovered:
D:1:      co_arrival_square_in_a_square_in_a_square, layout_basic,
          minmay_3d_cube
D:2:      layout_loops_corners, kennysheep_minor_cross

Skill      XL: |  1  2  3 |
---------------+----------+-----
Stealth        | 1 2 |  2.5
Throwing       | 1 |  1.0
Fighting       | |  3.1
Maces & Flails | |  2.3
Dodging        | |  3.2
Shields        | |  3.2

Action                     || total
---------------------------++-------
  Melee: Flail             ||    21
         Constrict         ||    13
         Tentacles         ||    11
         Whip              ||    43
         Punch             ||     1
    Use: Potion            ||     3
   Stab: Sleeping          ||    11
 Armour: Skin              ||     4
  Dodge: Dodged            ||    35
  Block: Buckler           ||     8

Table legend: (Time is in decaauts)
 A = Elapsed time spent in this place.
 B = Non-inter-level travel time spent in this place.
 C = Inter-level travel time spent in this place.
 D = Time resting spent in this place.
 E = Time spent auto-exploring this place.
 F = Levels seen in this place.
 G = Mean time per level.
                   A        B        C        D        E       F      G
               +--------+--------+--------+--------+--------+-----+--------+
         Total |   1097 |   1074 |     23 |      0 |    797 |   2 |  548.5 |
       Dungeon |   1097 |   1074 |     23 |      0 |    797 |   2 |  548.5 |
               +--------+--------+--------+--------+--------+-----+--------+

Top non-repeatable levels by time:
     D:1: 688 daAuts
     D:2: 408 daAuts
